 Dungeon Crawl Stone Soup version 0.31-a0-691-g409c26aa35 (webtiles) character file.

Game seed: 14663420835843358780

881 cforsyth the Trooper (level 8, -13/62 HPs)
             Began as a Djinni Chaos Knight on Sept 6, 2023.
             Was a Plaything of Xom.
             Mangled by an ice beast (21 damage)
             ... on level 5 of the Dungeon.
             The game lasted 00:08:15 (4679 turns).

cforsyth the Trooper (Djinni Chaos Knight)          Turns: 4679, Time: 00:08:16

Health: -13/62     AC: 11    Str: 11    XL:     8   Next: 25%
Gold:   148        EV:  2    Int: 16    God:    Xom [..*...] SH:  0 Dex: 13

rFire   + + .        m - +3 spear (venom)
rCold   x . .        (no shield)
rNeg    . . .        i - +1 plate armour
rPois   ∞            (no helmet)
rElec   .            (no cloak)
rCorr   .            (no gloves)
SInv    .            (boots unavailable)
Will    .....        c - amulet "Ogiuw" {Acrobat +Inv Stlth+} Stlth
                     (no ring)
HPRegen 0.30/turn    (no ring)
MPRegen 0.00/turn

%: acrobat, infuse magic (-14 HP)
@: flying
A: sickness immunity, fire resistance 2, cold vulnerability 1, float, innate
caster, HP casting, extra vitality 1
a: Renounce Religion, Evoke Invisibility


You were on level 5 of the Dungeon.
You worshipped Xom.
You were a toy of Xom.
You visited 1 branch of the dungeon, and saw 5 of its levels.

You collected 191 gold pieces.
You spent 43 gold pieces at shops.

Inventory:

Hand Weapons
 a - a +0 falchion of chaos
 m - a +3 spear of venom (weapon)
Armour
 b - a +2 leather armour
 i - a +1 plate armour (worn)
Jewellery
 c - the amulet "Ogiuw" (around neck) {Acrobat +Inv Stlth+}
   (You acquired it on level 2 of the Dungeon)

   [amulet of the acrobat]

   Acrobat:   It increases your evasion while moving and waiting.
   +Inv:      It lets you turn invisible.
   Stlth+:    It makes you more stealthy.
Wands
 f - a wand of mindburst (1)
 q - a wand of charming (4)
Scrolls
 d - a scroll of enchant armour
 e - 5 scrolls of identify
 k - a scroll of torment {unknown}
 o - a scroll of blinking {unknown}
Potions
 g - 2 potions of curing {unknown}
 h - a potion of enlightenment {unknown}
 j - 2 potions of might {unknown}
 l - a potion of lignification {unknown}
 n - a potion of ambrosia {unknown}
 p - a potion of mutation {unknown}


   Skills:
 + Level 6.9 Fighting
 - Level 2.7 Long Blades
 - Level 1.1 Armour
 - Level 2.2 Dodging
 + Level 4.4 Spellcasting
 + Level 4.4 Conjurations
 + Level 4.4 Hexes
   Level 0.0 Charms
 + Level 4.4 Summonings
 + Level 4.4 Necromancy
 + Level 4.4 Translocations
 + Level 4.4 Transmutations
 + Level 4.4 Fire Magic
 + Level 4.4 Ice Magic
 + Level 4.4 Air Magic
 + Level 4.4 Earth Magic
 + Level 4.4 Poison Magic


You knew the following spells:

 Your Spells              Type           Power      Damage    Failure   Level
a - Necrotise             Necr           68%        1d7       100%        1
b - Static Discharge      Conj/Air       34%        2-4/arc   100%        2
c - Poisonous Vapours     Pois/Air       34%        N/A       100%        2
Your spell library was empty.


Dungeon Overview and Level Annotations

Branches:
Dungeon (5/15)
 Temple: D:4-7

Altars:
Xom

Shops:
D:4 *[=


Innate Abilities, Weirdness & Mutations

You are immune to sickness and miasma.
You are immune to poison.
Your flesh is very heat resistant. (rF++)
You are vulnerable to cold. (rC-)
You float through the air rather than walking.
You learn spells naturally, not from books.
Your magical power is your life essence.
You have superior vitality. (+4 MHP)


Message History

The ice beast is moderately wounded.
The ice beast hits you. The ice beast freezes you!
You feel a terrible chill!
Xom roars with laughter!
You hit the ice beast but do no damage.
The ice beast is moderately wounded.
The ice beast hits you. The ice beast freezes you!
You feel a terrible chill!
* * * LOW HITPOINT WARNING * * *
You hit the ice beast.
The ice beast is heavily wounded.
An iguana comes into view.
The ice beast hits you.
* * * LOW HITPOINT WARNING * * *
The ice beast freezes you!
You feel a terrible chill!
* * * LOW HITPOINT WARNING * * *
Aiming: Charm
Press: ? - help, Shift-Dir - straight line, f/p - ice beast
Aim: an ice beast (heavily wounded, extremely poisoned, chance to affect: 49%)
The ice beast resists with some effort.
The iguana hisses angrily.
The ice beast hits you but does no damage.
Aiming: Charm
Press: ? - help, Shift-Dir - straight line, f/p - ice beast
Aim: an ice beast (severely wounded, very poisoned, chance to affect: 49%)
The ice beast resists with some effort.
The ice beast hits you but does no damage.
Aiming: Charm
Press: ? - help, Shift-Dir - straight line, f/p - ice beast
Aim: an ice beast (severely wounded, very poisoned, chance to affect: 49%)
The ice beast resists with some effort.
The ice beast hits you but does no damage.
Okay, then.
Unknown command.
Aiming: Charm
Press: ? - help, Shift-Dir - straight line, f/p - ice beast
Aim: an ice beast (almost dead, very poisoned, chance to affect: 49%)
The ice beast resists with some effort.
The ice beast hits you.
* * * LOW HITPOINT WARNING * * *
The ice beast freezes you!!
You feel a terrible chill!
You die...
Xom roars with laughter!

#............#...##..#.
##......................
#.............#.#.##....
#.............#.........
##.##.#.#..l..#...#.....
#.#....................
##.##.#.................
#.......................
##.....@Y.....#...##.##)
####...................
#...#...#.....#####.
.....#...#.....# #.
####............#####o
#.##...#.. #....... #.#
...# ..#..####. ... ...
......... .........


You could see an ice beast (very poisoned) and an iguana.

Vanquished Creatures
  A phantom (D:5)
  A scorpion (D:4)
  A jelly (D:4)
  A hound (D:4)
  An orc priest (D:4)
  2 iguanas (D:4)
  Ijyb (D:2)
  6 orc wizards
  14 adders
  A worm (D:2)
  2 dart slugs
  12 orcs
  12 ball pythons
  11 bats
  3 bat zombies (D:4)
  4 endoplasms
  6 giant cockroaches
  11 goblins
  5 hobgoblins
  3 quokkas
  2 frilled lizards (D:2)
  9 kobolds
  10 rats
  2 rat zombies (D:4)
121 creatures vanquished.

Vanquished Creatures (collateral kills)
  Grinder (D:4)
  An adder (D:5)
  2 orcs (D:5)
4 creatures vanquished.

Grand Total: 125 creatures vanquished

Notes
Turn   | Place    | Note
-------+----------+-------------------------------------------
     0 | D:1      | cforsyth the Djinni Chaos Knight began the quest for the
                  | Orb.
     0 | D:1      | Reached XP level 1. HP: 20/20 MP: 0/0
    84 | D:1      | Reached XP level 2. HP: 22/25 MP: 0/0
   307 | D:1      | Found a faded altar of an unknown god.
   453 | D:1      | Reached XP level 3. HP: 29/30 MP: 0/0
   453 | D:1      | Learned a level 1 spell: Necrotise
   669 | D:1      | Reached skill level 1 in Spellcasting
   669 | D:1      | Reached skill level 1 in Conjurations
   669 | D:1      | Reached skill level 1 in Hexes
   669 | D:1      | Reached skill level 1 in Summonings
   669 | D:1      | Reached skill level 1 in Necromancy
   669 | D:1      | Reached skill level 1 in Translocations
   669 | D:1      | Reached skill level 1 in Transmutations
   669 | D:1      | Reached skill level 1 in Fire Magic
   669 | D:1      | Reached skill level 1 in Ice Magic
   669 | D:1      | Reached skill level 1 in Air Magic
   669 | D:1      | Reached skill level 1 in Earth Magic
   669 | D:1      | Reached skill level 1 in Poison Magic
   776 | D:1      | XOM: silly message
  1005 | D:2      | XOM: stealth player
  1295 | D:2      | Reached XP level 4. HP: 37/37 MP: 0/0
  1460 | D:2      | XOM: noise
  1553 | D:2      | Noticed Ijyb
  1560 | D:2      | XOM: noise
  1579 | D:2      | XOM: potion effect (brilliance)
  1580 | D:2      | XOM: swap monsters
  1587 | D:2      | XOM: chaos upgrade
  1591 | D:2      | Reached skill level 4 in Fighting
  1598 | D:2      | Identified a scroll of acquirement
  1606 | D:2      | XOM: butterfly on damage
  1613 | D:2      | Killed Ijyb
  1643 | D:2      | Acquired the amulet "Ogiuw" {Acrobat +Inv Stlth+}
  1846 | D:3      | Reached XP level 5. HP: 40/41 MP: 0/0
  1846 | D:3      | Learned a level 2 spell: Static Discharge
  2178 | D:3      | XOM: enchant monster (good)
  2308 | D:3      | XOM: silly message
  2376 | D:3      | XOM: silly message
  2541 | D:4      | XOM: potion effect (might)
  2602 | D:4      | Reached XP level 6. HP: 49/49 MP: 0/0
  2628 | D:4      | Reached skill level 5 in Fighting
  2890 | D:4      | Found Qosaavon's Assorted Antiques.
  2890 | D:4      | Found Cixkuuwk's Antique Armour Boutique.
  2919 | D:4      | Found Foemneth's Jewellery Shop.
  2924 | D:4      | Bought a scroll labelled AMOCUE DEARPHYU for 23 gold pieces
  2924 | D:4      | Bought a bubbling dark potion for 20 gold pieces
  3004 | D:4      | Reached XP level 7. HP: 45/54 MP: 0/0
  3004 | D:4      | Learned a level 2 spell: Poisonous Vapours
  3067 | D:4      | XOM: smoke on damage
  3450 | D:4      | XOM: noise
  3475 | D:4      | Found a shimmering altar of Xom.
  3686 | D:4      | XOM: silly message
  3832 | D:4      | Reached skill level 6 in Fighting
  3951 | D:5      | Entered Level 5 of the Dungeon
  3951 | D:5      | Noticed Grinder
  3960 | D:4      | XOM: cast spell 'Summon Ice Beast'
  3963 | D:4      | Paralysed by Grinder for 2 turns
  3968 | D:4      | Paralysed by Grinder for 4 turns
  3970 | D:4      | Killed Grinder
  3971 | D:4      | Reached XP level 8. HP: 38/62 MP: 0/0
  4268 | D:5      | XOM: cast spell 'Summon Ice Beast'
  4294 | D:5      | XOM: god gift: long sword {god gift}
  4363 | D:5      | XOM: cast spell 'Dispersal'
  4370 | D:5      | XOM: noise
  4602 | D:5      | XOM: cast spell 'Call Canine Familiar'
  4638 | D:5      | XOM: cloud trail
  4662 | D:5      | XOM: silly message
  4679 | D:5      | Mangled by an ice beast

Illustrated notes

Levels and vault maps discovered:
D:1:      amcnicky_arrival_wind_blow, layout_loops_ring, serial_forest,
          infiniplex_forest_end_3, infiniplex_forest_end_2,
          infiniplex_forest_clump_medium, infiniplex_forest_straight_2,
          infiniplex_forest_lined_2, infiniplex_forest_straight_3,
          shapermc_ecumenical_altar_flowoftime
D:2:      kennysheep_the_goblin_king, layout_loops_cross
D:3:      layout_basic
D:4:      layout_loops_corners, mainiacjoe_overflow_alcove_1,
          lemuel_zombie_altar_kikubaaqudgha, nrook_loot_triangle,
          nicolae_wooded_promenade, nicolae_half_adder
D:5:      layout_basic, cheibrodos_worm_habitat, grunt_decor_mini_mirrors,
          uniq_grinder

Skill      XL: |  1  2  3  4  5  6  7 |
---------------+----------------------+-----
Spellcasting   | 1 2 3 4 |  4.4
Conjurations   | 1 2 3 4 |  4.4
Hexes          | 1 2 3 4 |  4.4
Summonings     | 1 2 3 4 |  4.4
Necromancy     | 1 2 3 4 |  4.4
Translocations | 1 2 3 4 |  4.4
Transmutations | 1 2 3 4 |  4.4
Fire Magic     | 1 2 3 4 |  4.4
Ice Magic      | 1 2 3 4 |  4.4
Air Magic      | 1 2 3 4 |  4.4
Earth Magic    | 1 2 3 4 |  4.4
Poison Magic   | 1 2 3 4 |  4.4
Fighting       | 4 5 6 |  6.9
Long Blades    | |  2.7
Armour         | |  1.1
Dodging        | |  2.2

Action                     |  1- 3 |  4- 6 |  7- 9 || total
---------------------------+-------+-------+-------++-------
  Melee: Falchion          |   227 |       |       ||   227
         Punch             |     4 |     1 |     1 ||     6
         Spear             |    24 |   145 |   126 ||   295
  Evoke: Wand              |       |       |     7 ||     7
    Use: Scroll            |       |     8 |       ||     8
         Potion            |       |     2 |       ||     2
   Stab: Paralysed         |       |     1 |       ||     1
         Distracted        |       |       |     3 ||     3
 Armour: Leather armour    |    25 |       |       ||    25
         Plate armour      |    72 |   146 |   128 ||   346
  Dodge: Dodged            |    55 |    27 |    23 ||   105

Table legend: (Time is in decaauts)
 A = Elapsed time spent in this place.
 B = Non-inter-level travel time spent in this place.
 C = Inter-level travel time spent in this place.
 D = Time resting spent in this place.
 E = Time spent auto-exploring this place.
 F = Levels seen in this place.
 G = Mean time per level.
                   A        B        C        D        E       F      G
               +--------+--------+--------+--------+--------+-----+--------+
         Total |   4748 |   4576 |    172 |    362 |   3145 |   5 |  949.6 |
       Dungeon |   4748 |   4576 |    172 |    362 |   3145 |   5 |  949.6 |
               +--------+--------+--------+--------+--------+-----+--------+

Top non-repeatable levels by time:
     D:4: 1835 daAuts
     D:1: 1036 daAuts
     D:2: 834 daAuts
     D:3: 713 daAuts
     D:5: 328 daAuts
